 Seeded DCSS version 0.31-a0-229-g1fc7ce93e2 (webtiles) character file.

Game seed: 13937975146149139884 (custom seed)

1089 innerfire43 the Poker (level 8, -3/59 (63) HPs)
             Began as a Demonspawn Monk on July 6, 2023.
             Was a Believer of Cheibriados.
             Slain by a wight
             ... wielding a +3 great sword
              (25 damage)
             ... on level 7 of the Dungeon.
             The game lasted 00:04:29 (3464 turns).

innerfire43 the Poker (Demonspawn Monk)             Turns: 3464, Time: 00:04:30

HP:   -3/59 (63)    AC:  2    Str: 25    XL:     8   Next: 9%
MP:   8/8           EV: 15    Int: 16    God:    Cheibriados [**....]
Gold: 193           SH:  5    Dex: 21    Spells: 7/7 levels left

rFire   . . .        v - +2 trident (freeze)
rCold   . . .        d - orb {light}
rNeg    . . .        b - +0 robe
rPois   .            (no helmet)
rElec   .            (no cloak)
rCorr   .            (no gloves)
SInv    .            (no boots)
Will    .....        e - amulet of reflection
Stlth   +            q - +6 ring of strength
HPRegen 0.29/turn    (no ring)
MPRegen 0.11/turn

%: reflection
@: glowing, drained, very slow
A: demonic magic 1, weakness stinger 1
a: Renounce Religion, Bend Time


You were on level 7 of the Dungeon.
You worshipped Cheibriados.
Cheibriados was pleased with you.
You visited 1 branch of the dungeon, and saw 6 of its levels.

You collected 193 gold pieces.

Inventory:

Hand Weapons
 a - a +0 spear
 v - a +2 trident of freezing (weapon)
 x - a +0 trident of protection
Armour
 b - a +0 robe (worn)
 d - an orb of light (worn)
Jewellery
 e - an amulet of reflection (around neck)
 k - a ring of ice
 q - a +6 ring of strength (left hand)
 w - a +6 ring of strength
Wands
 r - a wand of iceblast (8)
 t - a wand of polymorph (9)
Scrolls
 f - 4 scrolls of amnesia {unknown}
 g - a scroll of blinking {unknown}
 h - a scroll of torment {unknown}
 i - 4 scrolls of identify {unknown}
 j - 2 scrolls of revelation {unknown}
 m - 2 scrolls of brand weapon {unknown}
 s - 3 scrolls of noise {unknown}
Potions
 c - a potion of ambrosia
 l - a potion of mutation {unknown}
 n - 3 potions of brilliance {unknown}
 o - a potion of cancellation {unknown}
 p - 2 potions of heal wounds {unknown}
 u - a potion of curing


   Skills:
 + Level 5.5 Fighting
 * Level 6.7 Polearms
 + Level 5.1 Dodging


You had 7 spell levels left.
You didn't know any spells.
Your spell library contained the following spells:

 Spells                   Type           Power      Damage    Failure   Level
 Sandblast                Erth           0%         2d4       26%         1
 Passwall                 Tmut/Erth      0%         N/A       36%         2
 Stone Arrow              Conj/Erth      0%         3d7       58%         3


Dungeon Overview and Level Annotations

Branches:
Dungeon (5/15)             Temple (0/1) D:4

Altars:
Cheibriados
Dithmenos
Makhleb
Uskayaw
Vehumet

Shops:
D:7 *


Innate Abilities, Weirdness & Mutations

Spells you cast may paralyse adjacent enemies.
You have a small tail.


Message History

You block the scorpion's attack. The orc barely misses you.
You hit the scorpion but do no damage. You tail-slap the scorpion.
The scorpion is severely wounded.
The scorpion barely misses you.
The orc hits you from afar with a +0 scythe!
You hit the scorpion.
You kill the scorpion!
Cheibriados appreciates the change of pace.
The orc hits you from afar with a +0 scythe.
You reach to attack!
You hit the orc.
The orc is lightly wounded.
The orc hits you from afar with a +0 scythe.
You reach to attack!
You puncture the orc!
You kill the orc!
Cheibriados appreciates the change of pace.
No target in view!
Items here: ))) [[[ †††.
Items here: ))) [[[ ††.
w - a +6 ring of strength 2 wights come into view.
Your +0 trident of protection goes still.
Your +2 trident of freezing glows with a cold blue light!
v - a +2 trident of freezing (weapon)
A wight comes into view. It is wielding a +0 morningstar.
You reach to attack!
You hit the wight but do no damage. You barely miss the wight.
You tail-slap the wight, but do no damage.
The wight misses you.
The wight hits you with a +3 great sword!
You feel drained.
You completely miss the wight.
The wight hits you from afar with a +0 halberd!
You feel drained.
The wight hits you with a +3 great sword!
You are too injured to fight recklessly!
Unknown command.
The wight barely misses you. The wight attacks as you move away!
The wight hits you with a +3 great sword!!
You die...

.........######
##.[....#
##....## #..#.#
#.##.# #.##.#
#.##.#
########.##.#
#z@......##.#
#z#####.....#
#.# #.##### ...
#.# ....# #.#
...... #.#
......## #.#
#..##.## #.#
+.. #.# #.#


You could see 2 wights.

Vanquished Creatures
  Sigmund (D:5)
  Menkaure (D:4)
  A black bear (D:5)
  An ogre (D:4)
  A centaur (D:3)
  A scorpion (D:7)
  4 wights (D:7)
  2 howler monkeys (D:4)
  A crimson imp (D:7)
  An orc priest (D:4)
  A sleepcap (D:4)
  An orc wizard (D:4)
  An adder (D:2)
  4 worms
  3 dart slugs
  16 orcs
  7 endoplasms
  5 giant cockroaches
  5 goblins
  5 hobgoblins
  3 quokkas (D:2)
  10 ball pythons
  11 bats
  5 frilled lizards
  5 kobolds
  7 rats
103 creatures vanquished.

Notes
Turn   | Place    | Note
-------+----------+-------------------------------------------
     0 | D:1      | innerfire43 the Demonspawn Monk began the quest for the
                  | Orb.
     0 | D:1      | Reached XP level 1. HP: 18/18 MP: 1/1
    92 | D:1      | Reached skill level 3 in Polearms
    98 | D:1      | Gained mutation: You have a small tail. [demonic ancestry]
    98 | D:1      | Reached XP level 2. HP: 24/24 MP: 2/2
   216 | D:1      | Found a faded altar of an unknown god.
   519 | D:2      | Reached XP level 3. HP: 29/29 MP: 3/3
  1284 | D:2      | Reached XP level 4. HP: 21/35 MP: 4/4
  1794 | D:3      | Found a shadowy altar of Dithmenos.
  1795 | D:3      | Found a snail-covered altar of Cheibriados.
  1962 | D:3      | Became a worshipper of Cheibriados the Contemplative
  1962 | D:3      | Reached * piety under Cheibriados
  1962 | D:3      | Reached ** piety under Cheibriados
  2159 | D:3      | Noticed a centaur
  2163 | D:3      | Killed a centaur
  2164 | D:3      | Reached skill level 4 in Polearms
  2164 | D:3      | Reached XP level 5. HP: 34/42 MP: 5/5
  2452 | D:4      | Found a hide-covered altar of Uskayaw.
  2464 | D:4      | Noticed an ogre
  2467 | D:4      | Noticed Menkaure
  2470 | D:4      | Killed an ogre
  2471 | D:4      | Reached XP level 6. HP: 18/49 MP: 6/6
  2484 | D:4      | Killed Menkaure
  2485 | D:4      | Reached skill level 5 in Polearms
  2491 | D:4      | Reached XP level 7. HP: 17/55 MP: 7/7
  2849 | D:4      | Found a staircase to the Ecumenical Temple.
  3105 | D:5      | Entered Level 5 of the Dungeon
  3105 | D:5      | Noticed Sigmund
  3116 | D:5      | Killed Sigmund
  3117 | D:5      | Reached skill level 5 in Fighting
  3117 | D:5      | Reached skill level 6 in Polearms
  3143 | D:5      | You fall into a shaft and drop 2 floors!
  3143 | D:7      | Found Decros's General Store.
  3162 | D:7      | Reached skill level 5 in Dodging
  3304 | D:7      | Found a radiant altar of Vehumet.
  3305 | D:7      | Found a burning altar of Makhleb.
  3310 | D:7      | Gained mutation: Spells you cast may paralyse adjacent
                  | enemies. [demonic ancestry]
  3310 | D:7      | Reached XP level 8. HP: 61/63 MP: 8/8
  3464 | D:7      | Slain by a wight

Illustrated notes

Levels and vault maps discovered:
D:1:      sevenhm_arrival_forest_fort_small_6, layout_rooms,
          hellmonk_ecumenical_altar_blasted
D:2:      kennysheep_big_flooded_room, layout_basic, minmay_circle_x
D:3:      layout_loops_ring, grunt_temple_overflow_open,
          hangedman_abyss_or_decor_lesser_grid
D:4:      layout_cave_pools, general_overflow_altar,
          minmay_temple_entry_nine_rooms, minmay_misc_feat_nine_boxes,
          uniq_menkaure
D:5:      layout_basic, gammafunk_ghost_abyssal_escape, serial_shops,
          nicolae_shop_pleasant_corner_grove, uniq_sigmund
D:7:      layout_loops_ring, grunt_qazlal_sundering,
          grunt_temple_overflow_lords_of_destruction, serial_shops, shop_coins,
          shop, nicolae_shop_real_fake_doors,
          nicolae_shop_pleasant_corner_grove, nicolae_shop_industrial_runoff,
          chequers_serial_rivers_marsh, sigmund_army

Skill      XL: |  1  2  3  4  5  6  7 |
---------------+----------------------+-----
Polearms       | 3 4 5 6 |  6.7
Dodging        | 3 4 5 |  5.1
Fighting       | 4 5 |  5.5

Action                     |  1- 3 |  4- 6 |  7- 9 || total
---------------------------+-------+-------+-------++-------
  Melee: Spear             |   132 |    89 |       ||   221
         Tailslap          |    10 |    17 |    10 ||    37
         Trident           |       |    31 |    45 ||    76
         Unarmed           |       |       |     5 ||     5
  Evoke: Wand              |       |       |     3 ||     3
    Use: Scroll            |       |     2 |       ||     2
         Potion            |       |     6 |       ||     6
   Stab: Distracted        |       |       |     1 ||     1
 Armour: Robe              |     8 |    11 |     5 ||    24
         Skin              |       |       |     1 ||     1
  Dodge: Dodged            |    77 |    63 |    26 ||   166
  Block: Orb               |    23 |    16 |     5 ||    44
         Reflection        |       |     1 |       ||     1

Table legend: (Time is in decaauts)
 A = Elapsed time spent in this place.
 B = Non-inter-level travel time spent in this place.
 C = Inter-level travel time spent in this place.
 D = Time resting spent in this place.
 E = Time spent auto-exploring this place.
 F = Levels seen in this place.
 G = Mean time per level.
                   A        B        C        D        E       F      G
               +--------+--------+--------+--------+--------+-----+--------+
         Total |   3913 |   3493 |    420 |      0 |   2889 |   6 |  652.2 |
       Dungeon |   3913 |   3493 |    420 |      0 |   2889 |   6 |  652.2 |
               +--------+--------+--------+--------+--------+-----+--------+

Top non-repeatable levels by time:
     D:4: 1034 daAuts
     D:2: 1012 daAuts
     D:3: 943 daAuts
     D:1: 493 daAuts
     D:7: 381 daAuts
     D:5: 49 daAuts
